Map: Ulrena

Players

CallmeSid - Winner!

  • Race: Terran Terran
  • League: Gold

Grumm

  • Race: Protoss Protoss
  • League: Gold

VOD

Have the link to the VOD?

Description

Time

  • Played on: Feb. 3, 2016, 4:52 p.m.
  • Length: 10:14
Show
View Real Time Build Order
Export as new Build Order

CallmeSid Terran - Winner!

Build Orders: MMM Bio 

Get SALT Encoding   

  12  0:02  SCV  
  13  0:14  SCV  
  13  0:19  Supply Depot  
  14  0:26  SCV  
  15  0:44  Barracks  
  15  0:47  SCV  
  16  0:50  Refinery  
  16  0:59  SCV  
  17  1:11  SCV  
  18  1:33  Reaper  
  18  1:35  Orbital Command, Supply Depot  
  19  2:07  Barracks  
  19  2:08  SCV  
  19  2:10  Barracks  
  20  2:21  SCV  
  21  2:22  Barracks Reactor  
  21  2:25  Bunker  
  21  2:26  Bunker  
  21  2:36  SCV  
  22  2:39  Supply Depot  
  22  2:41  Supply Depot  
  22  2:48  SCV  
  24  3:00  SCV  
  24  3:02  Barracks Tech Lab  
  25  3:09  Barracks Tech Lab  
  24  3:14  Refinery  
  24  3:15  Marine x2  
  24  3:17  Engineering Bay  
  26  3:23  Marauder, Stimpack  
  28  3:29  Supply Depot  
  28  3:33  Marine x2  
  30  3:38  Marine  
  30  3:41  Concussive Shells  
  30  3:44  Marauder  
  30  3:48  SCV  
  33  4:00  Marine, SCV  
  33  4:01  Factory  
  35  4:05  Marine  
  36  4:12  SCV  
  36  4:13  Marine  
  36  4:16  Marauder  
  40  4:21  Missile Turret  
  40  4:24  SCV  
  40  4:27  Combat Shields  
  41  4:36  SCV  
  41  4:38  Marine  
  43  4:42  Marauder  
  45  4:45  Supply Depot  
  45  4:46  Factory Reactor  
  45  4:48  SCV  
  45  4:52  Starport  
  46  5:00  SCV  
  46  5:03  Marine x2  
  49  5:08  Marauder  
  49  5:13  SCV  
  52  5:15  Marine  
  53  5:21  Marine x2  
  53  5:25  SCV  
  53  5:26  Terran Infantry Weapons Level 1  
  56  5:29  Marine  
  54  5:50  Medivac  
  56  5:59  Command Center  
  56  6:01  Marine  
  56  6:03  Medivac  
  59  6:10  Marine x2  
  60  6:18  Supply Depot  
  58  6:26  Marine  
  58  6:27  Marine  
  60  6:33  Marine  
  60  6:34  Marauder  
  63  6:45  Marauder  
  65  6:49  Marine  
  65  6:56  Marauder  
  56  7:02  Marine  
  56  7:06  Marine  
  56  7:08  Marine  
  58  7:12  Orbital Command  
  59  7:16  Marine  
  59  7:17  Medivac  
  59  7:20  Marine  
  63  7:34  Missile Turret  
  63  7:35  Missile Turret  
  63  7:37  Medivac  
  65  7:44  Supply Depot  
  65  7:45  Marine  
  65  7:47  Supply Depot  
  65  7:50  SCV x2  
  68  8:00  Marine  
  68  8:02  SCV x2  
  69  8:10  Marine  
  69  8:11  Marine x2  
  63  8:13  Medivac x2  
  63  8:18  Marine  
  60  8:25  SCV  
  61  8:27  Refinery, Barracks x2  
  61  8:28  Refinery, Marine  
  61  8:29  Marauder, Marine  
  65  8:36  Reaper  
  66  8:46  Marine  
  66  8:47  Marine, SCV x2  
  70  8:50  Marine  
  71  8:59  SCV  
  72  9:04  Marine  
  72  9:05  Marine  
  72  9:08  Marine x2, SCV  
  77  9:11  SCV  
  75  9:21  Marine  
  75  9:22  Marine x2  
  75  9:23  Marine  
  78  9:26  Marine x2  
  65  9:39  Marine x2  
  65  9:40  Marine  
  65  9:41  Marine  
  65  9:43  Marine  
  65  9:44  Marauder  
  67  9:53  Command Center  
Show
View Real Time Build Order
Export as new Build Order

Grumm Protoss 

Build Orders:  

Get SALT Encoding   

  12  0:01  Probe (Chrono Boost)  
  13  0:16  Pylon  
  13  0:17  Probe (Chrono Boost)  
  14  0:28  Probe (Chrono Boost)  
  15  0:38  Probe (Chrono Boost)  
  15  0:40  Gateway  
  16  0:49  Probe (Chrono Boost)  
  17  0:53  Assimilator  
  17  0:59  Probe (Chrono Boost)  
  18  1:16  Pylon  
  18  1:29  Cybernetics Core  
  18  1:31  Probe (Chrono Boost)  
  19  1:42  Probe (Chrono Boost)  
  19  1:45  Gateway  
  20  1:47  Gateway  
  20  1:52  Probe (Chrono Boost)  
  21  1:54  Assimilator  
  21  2:05  Stalker (Chrono Boost)  
  21  2:07  Warp Gate  
  23  2:27  Probe  
  23  2:39  Probe  
  23  2:42  Stalker (Chrono Boost)  
  30  2:46  Adept (Chrono Boost)  
  30  2:47  Zealot (Chrono Boost)  
  30  2:51  Pylon  
  30  2:54  Robotics Facility  
  30  2:57  Probe  
  31  3:20  Pylon  
  31  3:23  Forge  
  31  3:26  Stargate  
  31  3:29  Adept (Chrono Boost)  
  35  3:36  Adept (Chrono Boost)  
  35  3:45  Warp Prism  
  41  4:13  Phoenix  
  39  4:17  Photon Cannon  
  39  4:21  Photon Cannon  
  39  4:23  Pylon  
  39  4:43  Nexus  
  39  4:57  Pylon  
  29  6:02  Gateway  
  29  6:06  Pylon  
  29  6:09  Stalker x2  
  29  6:11  Stalker  
  29  6:13  Void Ray, Immortal (Chrono Boost)  
  35  6:29  Mothership Core  
  35  6:33  Stalker  
  35  6:36  Adept, Photon Cannon  
  35  6:39  Sentry  
  33  7:06  Sentry  
  33  7:07  Stalker  
  33  7:08  Stalker  
  39  7:12  Pylon  
  39  7:24  Immortal (Chrono Boost)  
  43  7:39  Stalker  
  43  7:42  Stalker  
  33  8:17  Stalker  
  33  8:18  Stalker x2  
  39  8:28  Immortal (Chrono Boost)  
  43  8:46  Stalker  
  43  8:48  Adept  
  47  8:53  Sentry  
  49  9:11  Immortal (Chrono Boost)  
  45  9:37  Stalker x2  
  33  9:52  Stalker  
Tags
 
Composition
MMM Bio
League
GoldGold
Matchup
PvT
Replay Pack
sc2 replays 2016
Add a new tag
Caveats
  • Supply blocks, unpowered buildings, or Contaminate may cause inaccurate times.
  • Supply counts are checked every 10 seconds.